 Dungeon Crawl Stone Soup version 0.29-a0-96-g93358da72b (webtiles) character file.

Game seed: 17911247094904468326

9 siradein the Insei (level 2, 0/21 HPs)
             Began as a Merfolk Transmuter on Feb 11, 2022.
             Constricted to death by a ball python (1 damage)
             ... on level 1 of the Dungeon.
             The game lasted 00:01:00 (523 turns).

siradein the Insei (Merfolk Transmuter)              Turns: 523, Time: 00:01:02

Health: 0/21       AC:  4    Str: 10    XL:     2   Next: 16%
Magic:  2/5        EV:  9    Int: 12    God:
Gold:   41         SH:  0    Dex: 14    Spells: 2/5 levels left

rFire   . . .      SeeInvis .   b - staff of cold
rCold   + . .      Faith    .   (no shield)
rNeg    . . .      Spirit   .   f - +0 leather armour
rPois   .          Reflect  .   (helmet currently unavailable)
rElec   .          Harm     .   e - +0 cloak
rCorr   .          Rampage  .   (no gloves)
Will    .....                   (boots currently unavailable)
Stlth   +.........              (no amulet)
HPRegen 0.07/turn               (no ring)
MPRegen 0.09/turn               (no ring)

@: appendages, wereblooded, constricted
A: horns 2, (nimble swimmer 2), mertail
a: End Transformation


You were on level 1 of the Dungeon.
You had temporarily grown beastly horns.
You visited 1 branch of the dungeon, and saw 1 of its levels.

You collected 41 gold pieces.

Inventory:

Armour
 e - a +0 cloak (worn)
 f - a +0 leather armour (worn)
Magical Staves
 b - a staff of cold (weapon)
Scrolls
 d - a scroll of identify {unknown}
Potions
 c - a potion of magic {unknown}


   Skills:
 + Level 1.4 Fighting
 + Level 2.9 Dodging
 + Level 3.4 Unarmed Combat
 + Level 2.1 Spellcasting
 + Level 2.9 Transmutations


You had 2 spell levels left.
You knew the following spells:

 Your Spells              Type           Power      Damage    Failure   Level
a - Beastly Appendage     Tmut           16%        N/A       11%         1
b - Wereblood             Tmut           8%         N/A       16%         2

Your spell library contained the following spells:

 Spells                   Type           Power      Damage    Failure   Level
 Spider Form              Tmut/Pois      4%         N/A       52%         3
 Tukima's Dance           Hex            1%         N/A       73%         3
 Ice Form                 Ice/Tmut       7%         N/A       89%         4
 Passage of Golubria      Tloc           1%         N/A       98%         4
 Yara's Violent Unravell  Hex/Tmut       2%         3d3       99%         5


Dungeon Overview and Level Annotations

Branches:
Dungeon (1/15)

Altars:


Innate Abilities, Weirdness & Mutations

You have temporarily grown beastly horns.
((You are very nimble when in or above water. (Stealth+, EV+, Speed+++)))
Your lower body shifts to a powerful aquatic tail in water.


Message History

You hit the hobgoblin but do no damage.
The hobgoblin is heavily wounded.
You feel sick. The hobgoblin hits you.
The kobold hits you with a +1 short sword of venom.
You are too injured to fight recklessly!
You are too injured to fight recklessly!
You feel sick.
You feel sick.
Your magical contamination has completely faded away.
You feel sick.
You feel sick.
You feel sick.
You are no longer poisoned.
The kobold throws a stone.
The stone hits you.
* * * LOW HITPOINT WARNING * * *
The kobold throws a stone.
The stone hits you but does no damage.
A ball python comes into view.
The ball python hisses angrily.
The kobold throws a stone.
The stone barely misses you.
The kobold throws a stone.
The stone closely misses you. The ball python closely misses you.
The ball python grabs you. The ball python constricts you.
You open the door. The ball python bites you.
* * * LOW HITPOINT WARNING * * *
The ball python constricts you.
You escape the ball python's grasp.
There is an open door here.
The ball python completely misses you. The ball python closely misses you.
Casting: Beastly Appendage (safe; 11% risk of failure)
Confirm with . or Enter, or press ? or * to list all spells.
You grow a pair of large bovine horns.
The ball python bites you but does no damage.
The ball python closely misses you. x2; The ball python barely misses you.
Casting: Beastly Appendage (safe; 11% risk of failure)
Confirm with . or Enter, or press ? or * to list all spells.
Your blood is infused with primal strength.
The ball python bites you.
* * * LOW HITPOINT WARNING * * *
The ball python grabs you. The ball python constricts you.
You die...

#.########..#.# ####.#
#..#.# #....# #..#.#
####.#.#### #..#.#
.....#....# #..#.#
.....#....# #..#.#
######....# #..#.#
..........########..#.#
..........'..KgS@....>#
#######...########..#.#
# #...# #..#.# #####
#..#.# ######## #..#.#
.......# #..#.#
.......# ###### #..#.#
.......###....####..#.#
.♣............'...[.#.#


You could see a hobgoblin, a ball python and a kobold.

Vanquished Creatures
  An endoplasm (D:1)
  2 quokkas (D:1)
  A ball python (D:1)
  7 frilled lizards (D:1)
11 creatures vanquished.

Vanquished Creatures (others)
  4 plants (D:1)
4 creatures vanquished.

Grand Total: 15 creatures vanquished

Notes
Turn   | Place    | Note
-------+----------+-------------------------------------------
     0 | D:1      | siradein the Merfolk Transmuter began the quest for the
                  | Orb.
     0 | D:1      | Reached XP level 1. HP: 15/15 MP: 3/3
   210 | D:1      | Reached XP level 2. HP: 18/21 MP: 3/5
   220 | D:1      | Learned a level 2 spell: Wereblood
   523 | D:1      | HP: 1/21 [ball python (1)]
   523 | D:1      | Constricted to death by a ball python

Illustrated notes

Levels and vault maps discovered:
D:1:      wander_arrival_lonely_grave, layout_basic, minivault_24,
          kennysheep_doodads, minmay_lizard_king

Action                   || total
-------------------------++-------
Melee: Staff             ||    16
       Unarmed           ||     5
       Headbutt          ||     2
       Punch             ||     2
 Cast: Beastly Appendage ||     5
       Wereblood         ||     1
Armor: Robe              ||     3
       Leather armour    ||     3
Dodge: Dodged            ||    24

Table legend: (Time is in decaauts)
 A = Elapsed time spent in this place.
 B = Non-inter-level travel time spent in this place.
 C = Inter-level travel time spent in this place.
 D = Time resting spent in this place.
 E = Time spent auto-exploring this place.
 F = Levels seen in this place.
 G = Mean time per level.
                   A        B        C        D        E       F      G
               +--------+--------+--------+--------+--------+-----+--------+
         Total |    525 |    525 |      0 |      0 |    351 |   1 |  525.0 |
       Dungeon |    525 |    525 |      0 |      0 |    351 |   1 |  525.0 |
               +--------+--------+--------+--------+--------+-----+--------+

Top non-repeatable levels by time:
     D:1: 525 daAuts
